[Event "DVM U14w 2019"]
[Site "Neumuenster"]
[Date "2019.12.29"]
[Round "5"]
[White "Gossing, Marie-Sophie"]
[Black "Oswald, Hannah"]
[Result "1/2-1/2"]
[ECO "C50"]
[WhiteElo "1263"]
[BlackElo "1647"]
[Annotator "NA"]
[PlyCount "63"]
[EventDate "2019.12.27"]
[EventType "team-tourn"]
[EventRounds "7"]
[EventCountry "GER"]
[SourceTitle "playchess.com"]
[Source "ChessBase"]
[SourceQuality "1"]
[WhiteTeam "Lübecker SV"]
[BlackTeam "SG Leipzig"]
[WhiteTeamCountry "GER"]
[BlackTeamCountry "GER"]
[TimeControl "40/5400+30:1800+30"]

1. e4 e5 2. Nf3 Nc6 3. Bc4 Bc5 4. Nc3 Nf6 5. d3 d6 6. Be3 Bb6 7. d4 Bg4 8. d5 Ne7 9. Qd2 Ba5 10. Bd3 Ng6 11. h3 Bd7 12. O-O O-O 13. a3 Nh5 14. b4 Bb6 15. Ne2 Qc8 16. Kh2 f5 17. c4 c5 18. Qc1 fxe4 19. Bxe4 Ngf4 20. Qc2 h6 21. Nh4 Bd8 22. Nxf4 Nxf4 23. Bxf4 Bxh4 24. Be3 b6 25. b5 Qd8 26. f4 Bf6 27. Rad1 Qe7 28. Bd3 exf4 29. Bxf4 Be5 30. Bxe5 Qxe5+ 31. Kh1 Qg5 32. Be4 {[%emt 0:01:24] normal} 1/2-1/2

[Event "DVM U14w 2019"]
[Site "Neumuenster"]
[Date "2019.12.29"]
[Round "5"]
[White "Moradi, Yakta"]
[Black "Boutayeb, Malak"]
[Result "1-0"]
[ECO "C44"]
[WhiteElo "1257"]
[BlackElo "800"]
[Annotator "NA"]
[PlyCount "63"]
[EventDate "2019.12.27"]
[EventType "team-tourn"]
[EventRounds "7"]
[EventCountry "GER"]
[SourceTitle "playchess.com"]
[Source "ChessBase"]
[SourceQuality "1"]
[WhiteTeam "SV Traktor Priestewitz"]
[BlackTeam "VSG 1880 Offenbach"]
[TimeControl "40/5400+30:1800+30"]

1. e4 e5 2. Nf3 Nc6 3. d4 d6 4. dxe5 dxe5 5. Qxd8+ Kxd8 6. Bc4 Nf6 7. Ng5 Be6 8. Nxe6+ fxe6 9. Bg5 Nb4 10. Bb3 h6 11. Bxf6+ gxf6 12. Nc3 c5 13. a3 Nc6 14. Bxe6 Nd4 15. O-O-O Bd6 16. Bd5 Nc6 17. Bxc6 bxc6 18. Rxd6+ Kc7 19. Rxf6 Rab8 20. Rf7+ Kb6 21. Na4+ Ka6 22. Nxc5+ Ka5 23. b4+ Kb5 24. Rxa7 Kb6 25. Ra6+ Kb5 26. Ra5+ Kb6 27. Nd7+ Kb7 28. Nxb8 Rxb8 29. Rd1 Kb6 30. c4 Kb7 31. Rd7+ Kb6 32. c5# {normal} 1-0

[Event "DVM U14w 2019"]
[Site "Neumuenster"]
[Date "2019.12.29"]
[Round "5"]
[White "Mai, Mariella"]
[Black "Buchholz, Maja"]
[Result "1-0"]
[ECO "A03"]
[WhiteElo "1232"]
[BlackElo "1666"]
[Annotator "NA"]
[PlyCount "51"]
[EventDate "2019.12.27"]
[EventType "team-tourn"]
[EventRounds "7"]
[EventCountry "GER"]
[SourceTitle "playchess.com"]
[Source "ChessBase"]
[SourceQuality "1"]
[WhiteTeam "SV Traktor Priestewitz"]
[BlackTeam "VSG 1880 Offenbach"]
[BlackTeamCountry "GER"]
[TimeControl "40/5400+30:1800+30"]

1. f4 d5 2. Nf3 g6 3. d4 Bg7 4. Nc3 Nf6 5. e3 b6 6. Ne5 Bb7 7. Bd3 O-O 8. O-O e6 9. b3 Nbd7 10. Ba3 Re8 11. Bb5 Bf8 12. Bb2 a6 13. Bc6 Bxc6 14. Nxc6 Qc8 15. Qf3 Qb7 16. Ne5 c5 17. Rae1 Rec8 18. Kh1 b5 19. Na4 bxa4 20. dxc5 Nxc5 21. Nxg6 hxg6 22. Bxf6 Ne4 23. Be5 Rxc2 24. Qh3 Nf2+ 25. Rxf2 Rxf2 26. Qh8# {normal} 1-0

[Event "DVM U14w 2019"]
[Site "Neumuenster"]
[Date "2019.12.29"]
[Round "5"]
[White "Kuran, Olivia"]
[Black "Evering, Enna"]
[Result "0-1"]
[ECO "C47"]
[WhiteElo "1003"]
[BlackElo "1556"]
[Annotator "NA"]
[PlyCount "47"]
[EventDate "2019.12.27"]
[EventType "team-tourn"]
[EventRounds "7"]
[EventCountry "GER"]
[SourceTitle "playchess.com"]
[Source "ChessBase"]
[SourceQuality "1"]
[WhiteTeam "Karlsruher SF"]
[BlackTeam "SC Papenburg"]
[BlackTeamCountry "GER"]
[TimeControl "40/5400+30:1800+30"]

1. e4 e5 2. Nf3 Nc6 3. Bc4 Nf6 4. Nc3 Nxe4 5. Nxe4 d5 6. Bd3 dxe4 7. Bxe4 Bd6 8. d3 Bd7 9. Bd5 h6 10. Be3 Qe7 11. O-O O-O 12. d4 exd4 13. Nxd4 Bxh2+ 14. Kh1 Be5 15. Nf3 Bg4 16. g3 Qf6 17. c3 Rad8 18. Kg2 Qf5 19. Rb1 Bh3+ 20. Kg1 Bxf1 21. Kxf1 Rxd5 22. Qxd5 Qxb1+ 23. Kg2 Bd6 {[%emt 0:00:38] normal} 24. Qb5 {[%emt 0:00:54] normal} 0-1

[Event "DVM U14w 2019"]
[Site "Neumuenster"]
[Date "2019.12.29"]
[Round "5"]
[White "Lenger, Julia"]
[Black "Gietzelt, Magdalena"]
[Result "1-0"]
[ECO "A04"]
[WhiteElo "856"]
[BlackElo "841"]
[Annotator "NA"]
[PlyCount "125"]
[EventDate "2019.12.27"]
[EventType "team-tourn"]
[EventRounds "7"]
[EventCountry "GER"]
[SourceTitle "playchess.com"]
[Source "ChessBase"]
[SourceQuality "1"]
[WhiteTeam "SC Papenburg"]
[BlackTeam "Karlsruher SF"]
[TimeControl "40/5400+30:1800+30"]

1. Nf3 Nc6 2. d4 d5 3. g3 Nf6 4. Bg2 Bf5 5. O-O Be4 6. Nbd2 e6 7. c4 Qd7 8. cxd5 Bxd5 9. e3 Qd6 10. Re1 Ne4 11. Nxe4 Bxe4 12. Qb3 Nb4 13. Re2 Bd3 14. Rd2 Nc2 15. Rxc2 Bxc2 16. Qxc2 Rd8 17. Qa4+ c6 18. Qxa7 c5 19. Qxb7 cxd4 20. Qb5+ Rd7 21. Ne5 dxe3 22. Bxe3 Ke7 23. Nxd7 Qxd7 24. Bc5+ Ke8 25. Qxd7+ Kxd7 26. Bxf8 Rxf8 27. Kf1 Rc8 28. b4 Rc4 29. a3 Kc7 30. Ke2 Rc2+ 31. Ke3 f5 32. Bf1 g5 33. Kd3 Rxf2 34. h3 Rf3+ 35. Kd2 Rxg3 36. Rc1+ Kd7 37. Rc3 f4 38. Rxg3 fxg3 39. Bg2 Kd6 40. a4 e5 41. Kd3 h6 42. a5 e4+ 43. Bxe4 Kc7 44. b5 h5 45. Kc4 g4 46. h4 g2 47. Bxg2 Kb8 48. Kc5 Ka7 49. Kc6 Kb8 50. Kb6 g3 51. a6 Kc8 52. a7 Kd7 53. a8=Q Ke6 54. Qf8 Ke5 55. Qb4 Kf5 56. Qe4+ Kf6 57. Ka7 Kg7 58. b6 Kf6 59. b7 Kg7 60. b8=Q Kf6 61. Qd6+ Kf7 62. Qee7+ Kg8 63. Qdd8# {normal} 1-0

[Event "DVM U14w 2019"]
[Site "Neumuenster"]
[Date "2019.12.29"]
[Round "6"]
[White "Dietz, Kristin"]
[Black "Roncea, Andrea-Alexandra"]
[Result "1/2-1/2"]
[ECO "C89"]
[WhiteElo "1946"]
[BlackElo "1591"]
[Annotator "NA"]
[PlyCount "95"]
[EventDate "2019.12.27"]
[EventType "team-tourn"]
[EventRounds "7"]
[EventCountry "GER"]
[SourceTitle "playchess.com"]
[Source "ChessBase"]
[SourceQuality "1"]
[WhiteTeam "USV Halle"]
[BlackTeam "SC Papenburg"]
[WhiteTeamCountry "GER"]
[BlackTeamCountry "GER"]
[TimeControl "40/5400+30:1800+30"]

1. e4 e5 2. Nf3 Nc6 3. Bb5 a6 4. Ba4 Nf6 5. O-O Be7 6. Re1 b5 7. Bb3 O-O 8. c3 d5 9. exd5 Nxd5 10. Nxe5 Nxe5 11. Rxe5 c6 12. d4 Bd6 13. Re1 Qh4 14. g3 Qh3 15. Re4 g5 16. Qf1 Qh5 17. Nd2 f5 18. Re1 f4 19. Bd1 Qh6 20. Ne4 fxg3 21. hxg3 Be7 22. Qg2 Qg7 23. Qh2 Bf5 24. Bf3 Rae8 25. Bd2 Bxe4 26. Bxe4 h6 27. Qh5 Nf6 28. Qg6 Nxe4 29. Qxg7+ Kxg7 30. Rxe4 Bd6 31. Rae1 Kf7 32. Kg2 Rxe4 33. Rxe4 Re8 34. f3 Re7 35. Kh3 Kg6 36. b3 h5 37. Kg2 g4 38. Rxe7 Bxe7 39. Kf2 Kf5 40. Ke3 Bd6 41. f4 h4 42. gxh4 Bxf4+ 43. Ke2 Bxd2 44. Kxd2 g3 45. Ke2 Kg4 46. h5 Kxh5 47. Kf3 Kh4 48. Ke4 {normal} 1/2-1/2

[Event "DVM U14w 2019"]
[Site "Neumuenster"]
[Date "2019.12.29"]
[Round "6"]
[White "Reuter, Elisa"]
[Black "Becker, Linda"]
[Result "1/2-1/2"]
[ECO "C13"]
[WhiteElo "1850"]
[BlackElo "1617"]
[Annotator "NA"]
[PlyCount "42"]
[EventDate "2019.12.27"]
[EventType "team-tourn"]
[EventRounds "7"]
[EventCountry "GER"]
[SourceTitle "playchess.com"]
[Source "ChessBase"]
[SourceQuality "1"]
[WhiteTeam "SG Leipzig"]
[BlackTeam "SG Porz"]
[WhiteTeamCountry "GER"]
[BlackTeamCountry "GER"]
[TimeControl "40/5400+30:1800+30"]

1. e4 e6 2. d4 d5 3. Nc3 Nf6 4. Bg5 Be7 5. e5 Nfd7 6. h4 h6 7. Bxe7 Qxe7 8. Qg4 O-O 9. Bd3 c5 10. Nf3 Nc6 11. dxc5 Ncxe5 12. Nxe5 Nxe5 13. Qf4 Nxd3+ 14. cxd3 Qxc5 15. d4 Qb4 16. Qd2 Bd7 17. O-O Rac8 18. a3 Qe7 19. Qf4 a6 20. Rfe1 Rc4 21. Nxd5 Qd8 {[%emt 0:01:36] normal} 1/2-1/2

[Event "DVM U14w 2019"]
[Site "Neumuenster"]
[Date "2019.12.29"]
[Round "6"]
[White "Stowicek, Yara Mathilda"]
[Black "Evering, Enna"]
[Result "1/2-1/2"]
[ECO "C55"]
[WhiteElo "1682"]
[BlackElo "1556"]
[Annotator "NA"]
[PlyCount "65"]
[EventDate "2019.12.27"]
[EventType "team-tourn"]
[EventRounds "7"]
[EventCountry "GER"]
[SourceTitle "playchess.com"]
[Source "ChessBase"]
[SourceQuality "1"]
[WhiteTeam "USV Halle"]
[BlackTeam "SC Papenburg"]
[WhiteTeamCountry "GER"]
[BlackTeamCountry "GER"]
[TimeControl "40/5400+30:1800+30"]

1. e4 e5 2. Bc4 Nf6 3. Nf3 Nc6 4. d3 Be7 5. c3 O-O 6. Nbd2 d5 7. exd5 Nxd5 8. O-O Nb6 9. Qe2 Nxc4 10. Nxc4 f6 11. Rd1 Bg4 12. Ne3 Bh5 13. Nf5 Bg6 14. N3h4 Bxf5 15. Nxf5 Kh8 16. Qf3 Qd7 17. Be3 Bd6 18. d4 Rae8 19. Nxd6 cxd6 20. Qd5 Qc7 21. dxe5 dxe5 22. Qd7 Qxd7 23. Rxd7 b6 24. Rad1 Rd8 25. Kf1 Kg8 26. Ke2 Rxd7 27. Rxd7 Rf7 28. Rd6 Rc7 29. f3 Kf7 30. Rd3 Ke7 31. b3 Rd7 32. Rxd7+ Kxd7 33. Kd3 {[%emt 0:00:26] normal} 1/2-1/2

[Event "DVM U14w 2019"]
[Site "Neumuenster"]
[Date "2019.12.29"]
[Round "6"]
[White "Buchholz, Maja"]
[Black "Gossing, Marie-Sophie"]
[Result "1-0"]
[ECO "A20"]
[WhiteElo "1666"]
[BlackElo "1263"]
[Annotator "NA"]
[PlyCount "101"]
[EventDate "2019.12.27"]
[EventType "team-tourn"]
[EventRounds "7"]
[EventCountry "GER"]
[SourceTitle "playchess.com"]
[Source "ChessBase"]
[SourceQuality "1"]
[WhiteTeam "VSG 1880 Offenbach"]
[BlackTeam "Lübecker SV"]
[WhiteTeamCountry "GER"]
[BlackTeamCountry "GER"]
[TimeControl "40/5400+30:1800+30"]

1. c4 e5 2. g3 Nf6 3. Bg2 g6 4. Nc3 Bg7 5. d3 O-O 6. Nf3 d6 7. O-O c6 8. Rb1 Be6 9. b4 Nbd7 10. a4 a6 11. Ne1 d5 12. cxd5 cxd5 13. f4 Rc8 14. fxe5 Nxe5 15. Bd2 Nfg4 16. a5 Qd6 17. Na4 Rb8 18. h3 Nf6 19. Bf4 d4 20. Nc5 b6 21. Nxa6 Rbd8 22. axb6 Bd5 23. Bxd5 Nxd5 24. Qb3 Nc3 25. Rb2 Qd7 26. Kh2 Qe7 27. Nc5 Nd7 28. Bc7 Rde8 29. Nxd7 Qxd7 30. Rf2 Be5 31. Bxe5 Rxe5 32. Nf3 Rh5 33. h4 Qe7 34. Nxd4 Qe3 35. Rf4 Nd5 36. Nf5 Qe5 37. d4 Qe6 38. Qxd5 Qxd5 39. Ne7+ Kg7 40. Nxd5 Rxd5 41. e3 Rb5 42. Re4 Rxb6 43. b5 f5 44. Re7+ Kh6 45. e4 fxe4 46. Rxe4 Rfb8 47. Re5 Rf6 48. Rb3 Rf2+ 49. Kh3 Rd2 50. d5 Rd8 51. b6 {[%emt 0:00:43] normal} 1-0

[Event "DVM U14w 2019"]
[Site "Neumuenster"]
[Date "2019.12.29"]
[Round "6"]
[White "Zoellner, Bente"]
[Black "Zhou, Lepu Coco"]
[Result "1-0"]
[ECO "A48"]
[WhiteElo "1630"]
[BlackElo "1892"]
[Annotator "NA"]
[PlyCount "85"]
[EventDate "2019.12.27"]
[EventType "team-tourn"]
[EventRounds "7"]
[EventCountry "GER"]
[SourceTitle "playchess.com"]
[Source "ChessBase"]
[SourceQuality "1"]
[WhiteTeam "SC Papenburg"]
[BlackTeam "USV Halle"]
[WhiteTeamCountry "GER"]
[BlackTeamCountry "GER"]
[TimeControl "40/5400+30:1800+30"]

1. d4 Nf6 2. Nf3 g6 3. c4 Bg7 4. Nc3 O-O 5. e4 d6 6. h3 e5 7. d5 Nbd7 8. Be3 h6 9. Be2 Ne8 10. g4 c6 11. g5 h5 12. h4 Nb6 13. c5 cxd5 14. cxb6 d4 15. Nxd4 exd4 16. Bxd4 axb6 17. Bxg7 Kxg7 18. Qd4+ Kh7 19. Nd5 Be6 20. a3 b5 21. Bxb5 Bxd5 22. Qxd5 Qa5+ 23. b4 Qxb4+ 24. axb4 Rxa1+ 25. Ke2 Rxh1 26. Bxe8 Kg8 27. Bd7 Rxh4 28. Qxb7 f6 29. Qd5+ Kg7 30. gxf6+ Rxf6 31. b5 Rhf4 32. Qd4 d5 33. f3 dxe4 34. fxe4 Kh6 35. b6 Rf8 36. b7 Rd8 37. Qe3 Kg5 38. Qg3+ Rg4 39. Bxg4 h4 40. Qe5+ Kxg4 41. b8=Q Rxb8 42. Qxb8 Kh3 43. Qf4 {normal} 1-0

[Event "DVM U14w 2019"]
[Site "Neumuenster"]
[Date "2019.12.29"]
[Round "6"]
[White "Ramien, Hannah"]
[Black "Oswald, Hannah"]
[Result "0-1"]
[ECO "C55"]
[WhiteElo "1439"]
[BlackElo "1647"]
[Annotator "NA"]
[PlyCount "62"]
[EventDate "2019.12.27"]
[EventType "team-tourn"]
[EventRounds "7"]
[EventCountry "GER"]
[SourceTitle "playchess.com"]
[Source "ChessBase"]
[SourceQuality "1"]
[WhiteTeam "SG Porz"]
[BlackTeam "SG Leipzig"]
[WhiteTeamCountry "GER"]
[BlackTeamCountry "GER"]
[TimeControl "40/5400+30:1800+30"]

1. e4 e5 2. Nf3 Nc6 3. Bc4 Nf6 4. d3 Be7 5. c3 O-O 6. O-O d6 7. Nbd2 Na5 8. Bb5 a6 9. Ba4 b5 10. Bc2 c5 11. Re1 Nc6 12. Nf1 Re8 13. Ng3 Bf8 14. h3 g6 15. Be3 Bg7 16. Qd2 Be6 17. Bh6 Rb8 18. Bxg7 Kxg7 19. Ng5 Bc8 20. Bb3 Re7 21. f4 h6 22. Nf3 Qb6 23. Qf2 exf4 24. Ne2 g5 25. Nd2 Ne5 26. Bc2 Bd7 27. h4 Nfg4 28. Qf1 Ne3 29. Qf2 Nxc2 30. Rac1 Nxe1 31. Qxe1 Nxd3 {[%emt 0:00:11] normal} 0-1

[Event "DVM U14w 2019"]
[Site "Neumuenster"]
[Date "2019.12.29"]
[Round "6"]
[White "Berghold, Lotta"]
[Black "Yue, Qizhou"]
[Result "1/2-1/2"]
[ECO "D05"]
[WhiteElo "1398"]
[BlackElo "1784"]
[Annotator "NA"]
[PlyCount "58"]
[EventDate "2019.12.27"]
[EventType "team-tourn"]
[EventRounds "7"]
[EventCountry "GER"]
[SourceTitle "playchess.com"]
[Source "ChessBase"]
[SourceQuality "1"]
[WhiteTeam "SC Borussia Lichtenberg"]
[BlackTeam "SV Multatuli Ingelheim"]
[WhiteTeamCountry "GER"]
[BlackTeamCountry "GER"]
[TimeControl "40/5400+30:1800+30"]

1. d4 Nf6 2. Nf3 d5 3. e3 c5 4. c3 e6 5. Bd3 Nc6 6. Nbd2 Bd6 7. O-O O-O 8. dxc5 Bxc5 9. e4 Qc7 10. Qe2 h6 11. h3 Bb6 12. exd5 exd5 13. Nb3 Bd7 14. Be3 Bxe3 15. Qxe3 Rfe8 16. Qd2 Rad8 17. Rfe1 a5 18. Rxe8+ Rxe8 19. a4 Ne4 20. Qc2 Qf4 21. Nbd4 Nxd4 22. Nxd4 Nd6 23. Qd1 Qf6 24. Qf3 Qg5 25. Bc2 Be6 26. Re1 Qd8 27. Qd1 Qg5 28. Qf3 Qd8 29. Qd1 Qg5 {[%emt 0:00:07] normal} 1/2-1/2

[Event "DVM U14w 2019"]
[Site "Neumuenster"]
[Date "2019.12.29"]
[Round "6"]
[White "Nguyen, Jenny Ha-Linh"]
[Black "Sinner, Joselyne"]
[Result "1/2-1/2"]
[ECO "C54"]
[WhiteElo "1387"]
[BlackElo "1407"]
[Annotator "NA"]
[PlyCount "49"]
[EventDate "2019.12.27"]
[EventType "team-tourn"]
[EventRounds "7"]
[EventCountry "GER"]
[SourceTitle "playchess.com"]
[Source "ChessBase"]
[SourceQuality "1"]
[WhiteTeam "SG Leipzig"]
[BlackTeam "SG Porz"]
[WhiteTeamCountry "GER"]
[BlackTeamCountry "GER"]
[TimeControl "40/5400+30:1800+30"]

1. e4 e5 2. Nf3 Nc6 3. Bc4 Bc5 4. c3 Nf6 5. d3 d6 6. h3 a6 7. Bb3 Ba7 8. O-O Be6 9. Bc2 Qd7 10. a4 h6 11. Na3 g5 12. d4 g4 13. hxg4 Bxg4 14. dxe5 Nxe5 15. Nxe5 dxe5 16. Qxd7+ Kxd7 17. Nc4 Rae8 18. Ne3 Be6 19. Nf5 Rh7 20. Be3 Bxe3 21. Nxe3 Kc8 22. Rad1 h5 23. Nd5 Nd7 24. f3 h4 25. Kf2 {[%emt 0:03:41] normal} 1/2-1/2

[Event "DVM U14w 2019"]
[Site "Neumuenster"]
[Date "2019.12.29"]
[Round "6"]
[White "Kluehs, Isabel"]
[Black "Albrecht, Angelique"]
[Result "1-0"]
[ECO "D05"]
[WhiteElo "1363"]
[BlackElo "1219"]
[Annotator "NA"]
[PlyCount "161"]
[EventDate "2019.12.27"]
[EventType "team-tourn"]
[EventRounds "7"]
[EventCountry "GER"]
[SourceTitle "playchess.com"]
[Source "ChessBase"]
[SourceQuality "1"]
[WhiteTeam "SC Borussia Lichtenberg"]
[BlackTeam "SV Multatuli Ingelheim"]
[WhiteTeamCountry "GER"]
[TimeControl "40/5400+30:1800+30"]

1. d4 d5 2. Nf3 Nf6 3. e3 c5 4. c3 e6 5. Bd3 Bd6 6. Nbd2 Nc6 7. e4 cxd4 8. Nxd4 e5 9. Nxc6 bxc6 10. O-O O-O 11. Re1 Re8 12. h3 Bc5 13. exd5 cxd5 14. Nb3 Bd6 15. Bc2 Ba6 16. Qf3 Qe7 17. Bg5 e4 18. Bxf6 exf3 19. Bxe7 Rxe7 20. gxf3 Rae8 21. Rxe7 Rxe7 22. Nd4 Bc5 23. Rd1 g6 24. Kg2 Bxd4 25. cxd4 Re2 26. Bb3 Rxb2 27. Bxd5 Rb5 28. Bb3 Kf8 29. d5 Rb8 30. Rc1 Ke7 31. Rc7+ Kd8 32. Rxf7 Rb7 33. Rxb7 Bxb7 34. Kg3 Kd7 35. Kf4 Kd6 36. Ke4 h6 37. f4 Bc8 38. h4 Bf5+ 39. Kd4 h5 40. Ba4 Bg4 41. Be8 Bf5 42. Bf7 a6 43. a3 a5 44. f3 Ke7 45. Bg8 Kd6 46. Kc4 Bd7 47. Bf7 Bf5 48. Kd4 Ke7 49. Bg8 Kd6 50. Ke3 Ke7 51. Kd4 Kd6 52. Kc4 Bd7 53. Bf7 Bf5 54. Be8 Ke7 55. Bb5 Kd6 56. Kd4 Bc2 57. Bc6 Bf5 58. Ba4 Bh3 59. Bc2 Bf5 60. Be4 a4 61. Kc4 Ke7 62. Bxf5 gxf5 63. Kc5 Kd7 64. d6 Kd8 65. Kd5 Kd7 66. Ke5 Kd8 67. Kxf5 Kd7 68. Ke5 Ke8 69. Ke6 Kd8 70. d7 Kc7 71. Ke7 Kc6 72. d8=Q Kc5 73. Ke6 Kc4 74. Ke5 Kc3 75. Ke4 Kc4 76. Qc8+ Kb3 77. Kd3 Kxa3 78. Kc3 Ka2 79. Qb8 a3 80. Kc2 Ka1 81. Qb1# {normal} 1-0

[Event "DVM U14w 2019"]
[Site "Neumuenster"]
[Date "2019.12.29"]
[Round "6"]
[White "Hellenbroich, Helene"]
[Black "Werner, Rosalie"]
[Result "0-1"]
[ECO "C01"]
[WhiteElo "1346"]
[BlackElo "1674"]
[Annotator "NA"]
[PlyCount "53"]
[EventDate "2019.12.27"]
[EventType "team-tourn"]
[EventRounds "7"]
[EventCountry "GER"]
[SourceTitle "playchess.com"]
[Source "ChessBase"]
[SourceQuality "1"]
[WhiteTeam "Lübecker SV"]
[BlackTeam "VSG 1880 Offenbach"]
[WhiteTeamCountry "GER"]
[BlackTeamCountry "GER"]
[TimeControl "40/5400+30:1800+30"]

1. e4 e6 2. d4 d5 3. exd5 exd5 4. Bd3 Bd6 5. Nf3 Ne7 6. O-O O-O 7. Ng5 Bf5 8. Bxf5 Nxf5 9. Qd3 Qf6 10. Nf3 c6 11. c3 Nd7 12. Re1 Rae8 13. Rxe8 Rxe8 14. Na3 Nh4 15. Bd2 Nxf3+ 16. Qxf3 Qxf3 17. gxf3 Re2 18. Rd1 Nb6 19. Kf1 Re6 20. Nc2 Bxh2 21. f4 Nc4 22. Bc1 Rf6 23. b3 Nd6 24. c4 Bxf4 25. Bxf4 Rxf4 26. cxd5 cxd5 27. Ne3 {normal} 0-1

[Event "DVM U14w 2019"]
[Site "Neumuenster"]
[Date "2019.12.29"]
[Round "6"]
[White "Alscher, Anouk"]
[Black "Dixon Quiroz, Laura Michaela"]
[Result "0-1"]
[ECO "C50"]
[WhiteElo "1110"]
[BlackElo "1310"]
[Annotator "NA"]
[PlyCount "70"]
[EventDate "2019.12.27"]
[EventType "team-tourn"]
[EventRounds "7"]
[EventCountry "GER"]
[SourceTitle "playchess.com"]
[Source "ChessBase"]
[SourceQuality "1"]
[WhiteTeam "Lübecker SV"]
[BlackTeam "VSG 1880 Offenbach"]
[BlackTeamCountry "GER"]
[TimeControl "40/5400+30:1800+30"]

1. e4 e5 2. Nf3 Nc6 3. Bc4 Bc5 4. Nc3 d6 5. h3 Nf6 6. d3 h6 7. Be3 Bb6 8. Bxb6 axb6 9. O-O O-O 10. Qd2 Be6 11. Bb3 Qe7 12. d4 exd4 13. Nxd4 Nxe4 14. Nxe4 Bxb3 15. Nxc6 bxc6 16. axb3 Rxa1 17. Rxa1 Qxe4 18. Re1 Qd5 19. Qc3 c5 20. Re7 Rc8 21. Qg3 Qg5 22. Qxg5 hxg5 23. c4 Kf8 24. Re3 Re8 25. Rxe8+ Kxe8 26. g4 c6 27. Kg2 d5 28. Kg3 g6 29. f4 f6 30. h4 gxh4+ 31. Kxh4 Ke7 32. g5 d4 33. f5 gxf5 34. g6 Kf8 35. Kh5 Kg7 {[%emt 0:00:25] normal} 0-1

[Event "DVM U14w 2019"]
[Site "Neumuenster"]
[Date "2019.12.29"]
[Round "6"]
[White "Gyácsok, Dzvinka"]
[Black "Hafermann, Lara"]
[Result "0-1"]
[ECO "B00"]
[WhiteElo "997"]
[BlackElo "1161"]
[Annotator "NA"]
[PlyCount "121"]
[EventDate "2019.12.27"]
[EventType "team-tourn"]
[EventRounds "7"]
[EventCountry "GER"]
[SourceTitle "playchess.com"]
[Source "ChessBase"]
[SourceQuality "1"]
[WhiteTeam "SV Multatuli Ingelheim"]
[BlackTeam "SC Borussia Lichtenberg"]
[TimeControl "40/5400+30:1800+30"]

1. e4 b6 2. d4 Bb7 3. Nc3 e6 4. Nf3 Nf6 5. Bd3 Bb4 6. a3 Bxc3+ 7. bxc3 Nxe4 8. Bb2 Nf6 9. O-O d6 10. Re1 O-O 11. h3 c5 12. Nh4 Nbd7 13. f4 Nd5 14. Qh5 h6 15. Qg4 N5f6 16. Qg3 Re8 17. f5 e5 18. Bc4 Ne4 19. Qg6 Qf6 20. Bc1 exd4 21. cxd4 d5 22. Qxf6 Nexf6 23. Rxe8+ Rxe8 24. Bd3 c4 25. Bf1 Bc8 26. Kf2 Ne4+ 27. Ke2 Ndf6 28. Bf4 Ng3+ 29. Kf2 Nxf1 30. Rxf1 Re4 31. g3 Rxd4 32. Bb8 Rd2+ 33. Kg1 Rxc2 34. Bxa7 Rc3 35. Rf3 Rxf3 36. Nxf3 b5 37. Nd4 Bd7 38. g4 g6 39. Bb8 h5 40. g5 Ne4 41. h4 Bxf5 42. Nxb5 c3 43. Nd4 Kf8 44. a4 Ke8 45. a5 Kd8 46. a6 Kc8 47. a7 Kb7 48. Kf1 Nc5 49. Ne2 c2 50. Ke1 d4 51. Nc1 Nd7 52. Bf4 Kxa7 53. Kd2 Nc5 54. Be5 Kb6 55. Bxd4 Kc6 56. Be3 Kd5 57. Bf4 Ne6 58. Be3 Nd4 59. Bf2 Kc4 60. Ke3 Nb3 61. Na2 {[%emt 0:00:00] normal} 0-1

[Event "DVM U14w 2019"]
[Site "Neumuenster"]
[Date "2019.12.29"]
[Round "6"]
[White "Popovidou, Laura"]
[Black "Halas, Neele Zoe"]
[Result "0-1"]
[ECO "C01"]
[WhiteElo "931"]
[BlackElo "1076"]
[Annotator "NA"]
[PlyCount "110"]
[EventDate "2019.12.27"]
[EventType "team-tourn"]
[EventRounds "7"]
[EventCountry "GER"]
[SourceTitle "playchess.com"]
[Source "ChessBase"]
[SourceQuality "1"]
[WhiteTeam "SG Porz"]
[BlackTeam "SG Leipzig"]
[TimeControl "40/5400+30:1800+30"]

1. e4 e6 2. d4 d5 3. exd5 exd5 4. Nc3 Bb4 5. Bd2 Nf6 6. Bd3 Nc6 7. Nge2 Qe7 8. a3 Bxc3 9. bxc3 O-O 10. O-O Ne4 11. Bf4 Nd6 12. Re1 Qf6 13. Qd2 Bd7 14. Bg5 Qe6 15. Ng3 Rfe8 16. Rxe6 Rxe6 17. Qd1 f6 18. Bd2 Rae8 19. Qh5 g6 20. Qh4 Nd8 21. h3 N8f7 22. f4 Kg7 23. Kf1 Bb5 24. Bxb5 Nxb5 25. f5 Rc6 26. fxg6 hxg6 27. Ne2 Re4 28. Qg3 Rce6 29. Nf4 Rc6 30. Nh5+ Kh7 31. a4 Nxc3 32. Bxc3 gxh5 33. Re1 Rxe1+ 34. Kxe1 Re6+ 35. Kf2 Rc6 36. Qd3+ Kg7 37. Bd2 Ng5 38. Bxg5 fxg5 39. g4 hxg4 40. hxg4 Kf7 41. Qf5+ Rf6 42. Qxf6+ Kxf6 43. Ke3 Ke6 44. Kd3 Kd6 45. Kc3 c5 46. dxc5+ Kxc5 47. Kb3 a5 48. Kc3 d4+ 49. Kd3 Kd5 50. c4+ dxc3 51. Kxc3 Kc5 52. Kb3 b5 53. Ka3 bxa4 54. Kxa4 Kd4 55. Kxa5 Ke4 {[%emt 0:00:08] normal} 0-1

[Event "DVM U14w 2019"]
[Site "Neumuenster"]
[Date "2019.12.29"]
[Round "6"]
[White "Kube, Maja"]
[Black "Voigt, Anastasia"]
[Result "0-1"]
[ECO "C54"]
[WhiteElo "923"]
[BlackElo "1511"]
[Annotator "NA"]
[PlyCount "72"]
[EventDate "2019.12.27"]
[EventType "team-tourn"]
[EventRounds "7"]
[EventCountry "GER"]
[SourceTitle "playchess.com"]
[Source "ChessBase"]
[SourceQuality "1"]
[WhiteTeam "SC Papenburg"]
[BlackTeam "USV Halle"]
[BlackTeamCountry "GER"]
[TimeControl "40/5400+30:1800+30"]

1. e4 e5 2. Nf3 Nc6 3. Bc4 Bc5 4. c3 Nf6 5. d4 exd4 6. cxd4 Bb4+ 7. Bd2 Bxd2+ 8. Nbxd2 d5 9. exd5 Nxd5 10. O-O O-O 11. Ne5 Nxd4 12. Nb3 Nxb3 13. Bxd5 Qf6 14. Qxb3 Qxe5 15. Bxf7+ Kh8 16. Rae1 Qf6 17. Be6 b6 18. Qd5 Ba6 19. f3 Bxf1 20. Kxf1 Qd8 21. Qh5 Qd3+ 22. Re2 Rae8 23. Kf2 Qg6 24. Qh3 h6 25. g3 Qf6 26. f4 Re7 27. Re4 Rfe8 28. Bf5 Rxe4 29. Bxe4 Qd4+ 30. Kf3 Qxe4+ 31. Kg4 Qe6+ 32. Kh4 Qxh3+ 33. Kxh3 Re2 34. g4 Rxb2 35. f5 c5 36. Kg3 c4 {[%emt 0:00:17] normal} 0-1